 Dungeon Crawl Stone Soup version 0.26.0-18-gc5c842f807 (webtiles) character file.

Game seed: 7616757530582969706

76 thiole the Sneak (level 4, -5/40 HPs)
             Began as an Octopode Hedge Wizard on Jan 22, 2021.
             Slain by a goblin
             ... wielding a cursed -2 dagger
             ... led by Robin
              (6 damage)
             ... on level 2 of the Dungeon.
             The game lasted 00:03:06 (2391 turns).

thiole the Sneak (Octopode Hedge Wizard)            Turns: 2391, Time: 00:03:07

Health: -5/40      AC:  1    Str:  8 (9)  XL:     4   Next: 32%
Magic:  5/9        EV: 13    Int: 14 (17) God:
Gold:   99         SH:  0    Dex:  9 (11) Spells: 9/10 levels left

rFire    . . .     SeeInvis .   k - +2 dagger (speed)
rCold    . . .     Faith    .   (no shield)
rNeg     . . .     Spirit   .   b - +0 hat
rPois    .         Reflect  .   (no amulet)
rElec    .         Harm     .   (no ring)
rCorr    .         Rampage  .   (no ring)
Will     .....                  (no ring)
Stlth    ..........             (no ring)
HPRegen  0.13/turn              (no ring)
MPRegen  0.11/turn              (no ring)
                                (no ring)
                                (no ring)

@: berserking, lethally poisoned (-5 -> -25), very quick
A: almost no armour, stealthy swim, amphibious, 8 rings, constrict 8, camouflage
1, gelatinous body 1
a: no special abilities


You were on level 2 of the Dungeon.
You visited 1 branch of the dungeon, and saw 3 of its levels.

You collected 99 gold pieces.

Inventory:

Hand Weapons
 a - a +0 dagger
 k - a +2 dagger of speed (weapon)
Armour
 b - a +0 hat (worn)
Scrolls
 c - 3 scrolls of identify {unknown}
 d - 2 scrolls of remove curse {unknown}
 g - a scroll of immolation {unknown}
 h - 2 scrolls of teleportation {unknown}
 i - a scroll of enchant weapon {unknown}
Potions
 e - a potion of degeneration
 j - a potion of might {unknown}


   Skills:
 - Level 2.0 Dodging
 + Level 4.1 Stealth
 + Level 3.5 Spellcasting
 - Level 2.0 Conjurations
 - Level 2.0 Summonings
 - Level 1.0 Translocations


You had 9 spell levels left.
You knew the following spells:

 Your Spells              Type           Power        Failure   Level
a - Magic Dart            Conj           32%          9%          1

Your spell library contained the following spells:

 Spells                   Type           Power        Failure   Level
 Call Imp                 Summ           8%           14%         2
 Blink                    Tloc           N/A          21%         2
 Slow                     Hex            2%           30%         2
 Conjure Flame            Conj/Fire      5%           38%         3
 Mephitic Cloud           Conj/Pois/Air  4%           43%         3


Dungeon Overview and Level Annotations

Branches:
Dungeon (3/15)

Altars:
Uskayaw

Annotations:
D:2 Robin


Innate Abilities, Weirdness & Mutations

You cannot wear most types of armour.
You are very stealthy in the water. (Stealth+)
You are amphibious.
You can wear up to eight rings at the same time.
You can use your tentacles to constrict eight enemies at once.
Your skin changes colour to match your surroundings (Stealth+).
Your rubbery body absorbs attacks. (AC +1, EV +1)


Message History

* * * LOW HITPOINT WARNING * * *
You feel sick.
The goblin shoots a stone.
The stone hits you but does no damage.
You see here a stone.
It was a potion of degeneration.
There was something very wrong with that liquid.
You feel weakened.
You feel dopey.
You feel clumsy.
* * * LOW HITPOINT WARNING * * *
You feel sick.
It was a potion of berserk rage.
A red film seems to cover your vision as you go berserk!
You feel yourself moving faster!
You feel mighty!
* * * LOW HITPOINT WARNING * * *
You feel sick. Robin closely misses you.
You barely miss the goblin. Your grab misses the goblin.
Robin hits you from afar with a +2 trident of venom.
* * * LOW HITPOINT WARNING * * *
You are more poisoned.
The goblin hits you with a cursed -2 dagger.
You die...

...###.# ##.......##
÷#
#.....###....##.##
.. ####(........†.##
.# .
.........(.###### g#
#.
...#.###............
... ###..
#..#######..##....
##.( ##.## ......#
...####..#
#######g..#
#####...####....@gg#
#.### #..#####.#
###.# ##.## .#
##...# ##..# .#
##..#####..## ##
#..#####..##
#.####...##
..###..### ......##


You could see Robin and 2 goblins.

Vanquished Creatures
  An adder (D:3)
  3 worms
  2 leopard geckos (D:2)
  A ball python (D:3)
  5 bats
  A giant cockroach (D:1)
  14 goblins
  3 hobgoblins (D:2)
  5 jackals
  6 kobolds
  A quokka (D:3)
  11 rats
53 creatures vanquished.

Notes
Turn   | Place    | Note
-------+----------+-------------------------------------------
     0 | D:1      | thiole the Octopode Hedge Wizard began the quest for the
                  | Orb.
     0 | D:1      | Reached XP level 1. HP: 11/11 MP: 4/4
   363 | D:1      | Reached XP level 2. HP: 17/17 MP: 1/6
   445 | D:1      | Reached skill level 3 in Stealth
   494 | D:1      | You fall into a shaft and drop 1 floor!
   847 | D:3      | Reached XP level 3. HP: 21/21 MP: 2/7
  1347 | D:3      | Found a hide-covered altar of Uskayaw.
  1903 | D:2      | Reached XP level 4. HP: 23/27 MP: 1/9
  2068 | D:2      | Reached skill level 4 in Stealth
  2380 | D:2      | Noticed Robin
  2391 | D:2      | HP: 1/40 [Robin/+2 trident of venom (6)]
  2391 | D:2      | Slain by a goblin

Illustrated notes

Levels and vault maps discovered:
D:1:      lemuel_arrival_cross, layout_basic
D:2:      layout_rooms, chequers_ecumenical_altar_simple, uniq_robin
D:3:      layout_basic, eat_drink_and_be_merry_uskayaw

Skill      XL: |  1  2  3  4 |
---------------+-------------+-----
Stealth        | 3 4 |  4.1
Conjurations   | 2 |  2.0
Summonings     | 2 |  2.0
Dodging        | |  2.0
Spellcasting   | |  3.5
Translocations | |  1.0

Action                   |  1- 3 |  4- 6 || total
-------------------------+-------+-------++-------
Melee: Dagger            |    70 |    23 ||    93
       Constrict         |    19 |     6 ||    25
       Tentacles         |     9 |     2 ||    11
 Cast: Magic Dart        |    71 |    20 ||    91
  Use: Potion            |     1 |     2 ||     3
 Stab: Sleeping          |     1 |       ||     1
Armor: Skin              |     3 |     3 ||     6
Dodge: Dodged            |    45 |    15 ||    60
